Map: Dusk Towers

Players

lesha - Winner!

  • Race: Terran Terran

A.I. 1 (Harder)

  • Race: Protoss Protoss

VOD

Have the link to the VOD?

Description

Time

  • Played on: Dec. 5, 2015, 3:52 a.m.
  • Length: 10:58
Show
View Real Time Build Order
Export as new Build Order

lesha Terran - Winner!

Build Orders: MMM Bio 

Get SALT Encoding   

  12  0:01  SCV  
  13  0:15  SCV  
  13  0:18  Supply Depot  
  14  0:27  SCV  
  15  0:39  SCV  
  15  0:41  Barracks  
  16  0:52  SCV  
  17  1:04  SCV  
  18  1:09  Refinery  
  18  1:16  SCV  
  19  1:28  Command Center  
  19  1:33  Orbital Command  
  19  1:47  Marine  
  20  1:58  Supply Depot  
  20  1:59  SCV  
  21  2:10  Refinery  
  21  2:11  SCV  
  21  2:12  Marine  
  23  2:22  Factory  
  23  2:23  SCV  
  24  2:34  Barracks Tech Lab  
  24  2:35  SCV  
  25  2:46  Orbital Command  
  25  2:47  SCV  
  25  2:59  SCV  
  25  3:04  Marauder  
  28  3:11  SCV  
  29  3:14  Factory Tech Lab, Starport  
  29  3:23  SCV  
  29  3:26  Marauder  
  32  3:29  Supply Depot  
  32  3:30  SCV  
  33  3:36  SCV, Siege Tank  
  37  3:42  SCV  
  38  3:56  Barracks  
  38  4:00  Barracks  
  38  4:01  Engineering Bay  
  38  4:02  Engineering Bay  
  38  4:04  Marine  
  38  4:06  Stimpack  
  38  4:08  Starport Reactor  
  39  4:22  Marine  
  39  4:23  SCV x2  
  42  4:33  Refinery  
  42  4:35  SCV x2  
  42  4:36  Refinery  
  44  4:41  Terran Infantry Weapons Level 1  
  44  4:42  Terran Infantry Armor Level 1  
  44  4:47  SCV x2  
  46  4:55  Missile Turret  
  46  4:57  Barracks Reactor x2  
  46  4:59  SCV, Marine  
  49  5:00  SCV  
  49  5:11  SCV  
  49  5:12  SCV  
  51  5:17  Missile Turret  
  51  5:24  SCV x2  
  53  5:36  SCV  
  53  5:37  Command Center  
  54  5:44  Supply Depot x2  
  54  5:49  Missile Turret  
  54  6:05  Medivac, Marine x2  
  54  6:06  Marauder, SCV x2, Medivac, Combat Shields, Marine x2  
  54  6:08  Supply Depot  
  54  6:09  Supply Depot  
  66  6:17  Armory  
  66  6:18  SCV  
  67  6:23  Marine x3  
  70  6:29  Marine  
  70  6:30  Marauder  
  73  6:35  Medivac  
  73  6:36  Medivac  
  73  6:38  Supply Depot  
  73  6:39  Supply Depot  
  77  7:05  Marine  
  77  7:06  Marine x3  
  81  7:09  Marauder  
  81  7:14  Medivac x2  
  87  7:17  Thor  
  93  7:23  Marine x3  
  93  7:24  Marine  
  93  7:26  Terran Infantry Weapons Level 2, Terran Infantry Armor Level 2  
  97  7:30  Concussive Shells, Marauder  
  94  7:56  Marine x4  
  88  8:36  Marine x5  
  88  8:38  Medivac x2  
  91  8:54  Marine x4  
  95  8:58  Marine  
  92  9:08  Medivac x2  
  92  9:09  Barracks  
  90  9:12  Barracks x2, Marine x4  
  90  9:14  Barracks x2  
  90  9:15  Marine  
  90  9:29  Marine  
  90  9:30  Marine x3  
  94  9:33  Marine  
  94  9:38  Medivac x2  
  99  9:47  Marine x3  
  99  9:48  Marine  
  99  9:51  Marine  
  104  10:05  Marine x4  
  104  10:06  Marine  
  104  10:07  Marine x4  
  109  10:08  Medivac x2  
Show
View Real Time Build Order
Export as new Build Order

A.I. 1 (Harder) Protoss 

Build Orders:  

Get SALT Encoding   

  12  0:01  Probe (Chrono Boost)  
  13  0:11  Probe (Chrono Boost)  
  14  0:20  Pylon  
  14  0:22  Probe (Chrono Boost)  
  15  0:38  Probe (Chrono Boost)  
  16  0:47  Assimilator  
  16  0:49  Probe (Chrono Boost), Gateway  
  17  0:59  Probe (Chrono Boost)  
  17  1:00  Pylon  
  18  1:10  Probe (Chrono Boost)  
  19  1:21  Probe (Chrono Boost)  
  20  1:34  Zealot  
  20  1:39  Cybernetics Core  
  22  1:42  Gateway  
  22  1:46  Assimilator  
  22  2:02  Pylon  
  22  2:13  Adept  
  22  2:20  Warp Gate  
  24  2:27  Stalker  
  26  2:39  Zealot  
  28  2:50  Pylon  
  28  2:55  Adept  
  30  3:06  Adept  
  32  3:19  Pylon  
  32  3:21  Stalker  
  34  3:32  Adept  
  37  3:42  Probe (Chrono Boost)  
  37  3:50  Adept  
  37  3:54  Probe (Chrono Boost)  
  40  3:58  Pylon  
  40  3:59  Stalker  
  42  4:06  Probe (Chrono Boost)  
  43  4:15  Forge  
  43  4:16  Zealot  
  44  4:17  Probe (Chrono Boost)  
  46  4:29  Probe (Chrono Boost)  
  47  4:36  Adept  
  49  4:40  Probe (Chrono Boost)  
  50  4:52  Stalker  
  52  5:59  Protoss Ground Weapons Level 1  
  52  6:04  Sentry  
  54  6:08  Gateway  
  54  6:09  Photon Cannon  
  54  6:12  Pylon, Zealot  
  54  6:13  Nexus  
  54  6:15  Photon Cannon  
  54  6:16  Robotics Facility  
  56  6:25  Stalker  
  58  6:34  Sentry, Stargate  
  60  6:41  Pylon  
  56  6:47  Stalker  
  40  6:55  Zealot  
  38  7:02  Observer  
  38  7:04  Adept  
  41  7:12  Zealot  
  43  7:21  Zealot  
  45  7:23  Observer  
  45  7:26  Probe (Chrono Boost)  
  48  7:30  Stalker  
  48  7:31  Probe (Chrono Boost)  
  51  7:37  Probe (Chrono Boost)  
  51  7:38  Stalker  
  51  7:42  Probe (Chrono Boost)  
  52  7:47  Stalker, Protoss Ground Armor Level 1  
  52  7:49  Probe (Chrono Boost)  
  38  7:56  Stalker  
  36  8:04  Zealot  
  39  8:06  Probe (Chrono Boost)  
  37  8:13  Zealot  
  37  8:15  Probe (Chrono Boost)  
  37  8:18  Probe (Chrono Boost)  
  40  8:21  Sentry  
  40  8:26  Probe (Chrono Boost)  
  35  8:30  Mothership Core (Chrono Boost), Adept  
  36  8:38  Stalker, Probe (Chrono Boost)  
  35  8:47  Stalker  
  35  8:49  Probe (Chrono Boost)  
  35  8:50  Probe (Chrono Boost)  
  29  8:56  Zealot  
  29  9:01  Probe (Chrono Boost)  
  29  9:02  Probe (Chrono Boost)  
  28  9:04  Zealot  
  25  9:12  Probe (Chrono Boost)  
  25  9:13  Probe (Chrono Boost)  
  22  9:17  Stalker  
  22  9:23  Probe (Chrono Boost)  
  23  9:24  Probe (Chrono Boost)  
  19  9:33  Stalker  
  19  9:34  Probe (Chrono Boost)  
  22  9:41  Stalker  
  19  10:26  Assimilator  
  19  10:34  Pylon  
  19  10:35  Assimilator  
Tags
 
Composition
MMM Bio
Matchup
PvT
Add a new tag
Caveats
  • Supply blocks, unpowered buildings, or Contaminate may cause inaccurate times.
  • Supply counts are checked every 10 seconds.